 Dungeon Crawl Stone Soup version 0.28.0-45-g0d030f2227 (webtiles) character file.

Game seed: 10935279552477107559

2342 dianekeaton the Cleaver (level 9, -1/78 HPs)
             Began as a Hill Orc Fighter on Apr 4, 2022.
             Was an Initiate of Okawaru.
             Slain by a vampire mosquito (4 damage)
             ... on level 7 of the Dungeon.
             The game lasted 00:15:11 (7458 turns).

dianekeaton the Cleaver (Hill Orc Fighter)          Turns: 7458, Time: 00:15:12

Health: -1/78      AC: 14    Str: 23    XL:     9   Next: 43%
Magic:  9/9        EV:  6    Int:  8    God:    Okawaru [......]
Gold:   391        SH:  4    Dex: 10    Spells: 8/8 levels left

rFire   . . .      SeeInvis .   a - +2 war axe
rCold   . . .      Faith    .   c - +0 buckler
rNeg    . . .      Spirit   .   j - +0 plate armour
rPois   .          Reflect  .   g - +1 helmet
rElec   .          Harm     .   (no cloak)
rCorr   .          Rampage  .   t - +0 pair of gloves
Will    .....                   (no boots)
Stlth   ..........              (no amulet)
HPRegen 0.23/turn               (no ring)
MPRegen 0.11/turn               (no ring)

@: no status effects
A: no striking features
a: Renounce Religion


You were on level 7 of the Dungeon.
You worshipped Okawaru.
Okawaru was noncommittal.
You visited 2 branches of the dungeon, and saw 8 of its levels.

You collected 391 gold pieces.

Inventory:

Hand Weapons
 a - a +2 war axe (weapon)
Armour
 c - a +0 buckler (worn)
 g - a +1 helmet (worn)
 j - a +0 plate armour (worn)
 t - a +0 pair of gloves (worn)
Jewellery
 i - a ring of flight
 s - an amulet of faith
Wands
 q - a wand of iceblast (1) (quivered)
 u - a wand of polymorph (6)
Scrolls
 h - 3 scrolls of enchant weapon
 m - a scroll of summoning {unknown}
 o - a scroll of magic mapping
 r - a scroll of enchant armour {unknown}
 v - a scroll of amnesia
Potions
 b - a potion of brilliance {unknown}
 e - 5 potions of curing
 f - a potion of cancellation
 k - a potion of degeneration
 l - a potion of heal wounds {unknown}
 n - 2 potions of mutation {unknown}
 p - a potion of resistance {unknown}


   Skills:
 * Level 6.5 Fighting
 + Level 14.6 Axes
 + Level 0.6 Throwing
 - Level 3.2 Armour
 - Level 0.4 Dodging
 - Level 3.2 Shields
 - Level 1.0 Evocations


You had 8 spell levels left.
You didn't know any spells.
Your spell library contained the following spells:

 Spells                   Type           Power      Damage    Failure   Level
 Slow                     Hex            0%         N/A       100%        1
 Confusing Touch          Hex            0%         N/A       100%        3
 Vampiric Draining        Necr           0%         2d6       100%        3
 Hailstorm                Conj/Ice       0%         3d3       100%        4
 Ice Form                 Ice/Tmut       0%         N/A       100%        4
 Simulacrum               Ice/Necr       Unusable   N/A       N/A         6

Dungeon Overview and Level Annotations

Branches:
Dungeon (7/15)             Temple (1/1) D:6

Altars:
Ashenzari
Cheibriados
Dithmenos
Elyvilon
Fedhas
Gozag
Hepliaklqana
Kikubaaqudgha
Makhleb
Nemelex Xobeh
Okawaru
Qazlal
Ru
Sif Muna
Trog
Uskayaw
Vehumet
Wu Jian
Xom
Yredelemnul
Zin
The Shining One

Shops:
D:6 *

Annotations:
D:6 1 runed translucent door, terff's ghost, novice OpBr


Message History

* * * LOW HITPOINT WARNING * * *
The vampire mosquito draws strength from your injuries!
You block the vampire mosquito's attack.
The vampire mosquito bites you but does no damage.
You block the vampire mosquito's attack.
The vampire mosquito bites you but does no damage.
You slash the vampire mosquito!
The vampire mosquito is heavily damaged.
You miss the vampire mosquito.
You hit the vampire mosquito but do no damage.
The vampire mosquito bites you.
* * * LOW HITPOINT WARNING * * *
The vampire mosquito draws strength from your injuries!
The vampire mosquito bites you but does no damage.
The vampire mosquito bites you.
* * * LOW HITPOINT WARNING * * *
The vampire mosquito draws strength from your injuries!
You feel better.
The vampire mosquito bites you but does no damage.
The vampire mosquito bites you.
* * * LOW HITPOINT WARNING * * *
The vampire mosquito draws strength from your injuries!
The vampire mosquito bites you but does no damage.
The vampire mosquito bites you!
* * * LOW HITPOINT WARNING * * *
The vampire mosquito draws strength from your injuries!
You block the vampire mosquito's attack.
The vampire mosquito barely misses you.
You hit the vampire mosquito.
The vampire mosquito is moderately damaged.
You closely miss the vampire mosquito. You slash the vampire mosquito!
The vampire mosquito bites you but does no damage.
The vampire mosquito bites you.
* * * LOW HITPOINT WARNING * * *
The vampire mosquito draws strength from your injuries!
The vampire mosquito bites you.
* * * LOW HITPOINT WARNING * * *
The vampire mosquito draws strength from your injuries!
The vampire mosquito bites you.
You die...

........####...##
.......#.....).#
##...........###
#......#....#
##.....##...#
#......##...##
##...........#
#............##
.......@......##
......yyy..#...#
....§§§§§§.##..#
....§§§§§§.....###
.....§§§§§.......#
#....§§.........##
#.............###
#............##
#........#...#


You could see 3 vampire mosquitoes.

Vanquished Creatures
  A two-headed ogre (D:6)
  A vampire mosquito (D:7)
  A steam dragon (D:4)
  2 water moccasins
  An ice beast (D:6)
  A black bear (D:4)
  An ogre (D:5)
  2 centaurs
  A scorpion (D:4)
  A wyvern skeleton (D:6)
  2 howler monkeys
  A centaur zombie (D:6)
  A bullfrog zombie (D:5)
  An orc priest (D:6)
  A hound (D:4)
  A jelly (D:4)
  A gnoll shaman (D:6)
  A centaur skeleton (D:6)
  4 iguanas
  Natasha (thrice) (D:2)
  An orc wizard (D:6)
  A howler monkey zombie (D:6)
  11 gnolls
  4 adders
  An ufetubus (D:6)
  A dart slug (D:1)
  9 orcs (D:6)
  7 endoplasms
  3 giant cockroaches
  11 goblins
  4 hobgoblins
  3 jackals (D:1)
  6 quokkas
  9 ball pythons
  5 bats
  5 frilled lizards
  7 kobolds
  5 rats
121 creatures vanquished.

Vanquished Creatures (others)
  A scorpion (D:4)
  An endoplasm (D:4)
  A kobold (D:4)
  2 goblins (D:4)
  10 plants (D:4)
15 creatures vanquished.

Grand Total: 136 creatures vanquished

Notes
Turn   | Place    | Note
-------+----------+-------------------------------------------
     0 | D:1      | dianekeaton the Hill Orc Fighter began the quest for the
                  | Orb.
     0 | D:1      | Reached XP level 1. HP: 19/19 MP: 1/1
    58 | D:1      | Reached skill level 3 in Axes
   131 | D:1      | Reached XP level 2. HP: 11/26 MP: 2/2
   326 | D:1      | Reached skill level 4 in Axes
   522 | D:1      | Reached XP level 3. HP: 30/31 MP: 3/3
   976 | D:2      | Noticed Natasha
   988 | D:2      | Killed Natasha
   989 | D:2      | Reached skill level 5 in Axes
   989 | D:2      | Reached XP level 4. HP: 12/39 MP: 4/4
  1260 | D:2      | Noticed Natasha
  1268 | D:2      | Killed Natasha
  1269 | D:2      | Reached skill level 6 in Axes
  1528 | D:2      | Found a faded altar of an unknown god.
  1728 | D:2      | Noticed Natasha
  1733 | D:2      | Killed Natasha
  1734 | D:2      | Reached XP level 5. HP: 38/45 MP: 5/5
  2008 | D:3      | Found a blossoming altar of Fedhas.
  2255 | D:3      | Reached skill level 7 in Axes
  2353 | D:3      | Found an opulent altar of Gozag.
  3259 | D:4      | Noticed a black bear
  3276 | D:4      | Killed a black bear
  3277 | D:4      | Reached skill level 8 in Axes
  3277 | D:4      | Reached XP level 6. HP: 50/51 MP: 6/6
  3588 | D:4      | Noticed a water moccasin
  3605 | D:4      | Killed a water moccasin
  3606 | D:4      | Reached skill level 9 in Axes
  3606 | D:4      | Reached XP level 7. HP: 41/57 MP: 7/7
  4024 | D:4      | You fall into a shaft and drop 1 floor!
  4024 | D:5      | Entered Level 5 of the Dungeon
  4138 | D:4      | Noticed a steam dragon
  4151 | D:4      | Reached skill level 10 in Axes
  4152 | D:4      | Killed a steam dragon
  4757 | D:5      | Reached skill level 11 in Axes
  4926 | D:5      | Reached XP level 8. HP: 62/66 MP: 8/8
  5433 | D:6      | Found a runed translucent door.
  5436 | D:6      | Noticed terff's ghost (novice OpBr)
  5494 | D:6      | Reached skill level 12 in Axes
  5628 | D:6      | Noticed a two-headed ogre
  5636 | D:6      | Killed a two-headed ogre
  5637 | D:6      | Reached skill level 5 in Fighting
  5637 | D:6      | Reached skill level 13 in Axes
  5754 | D:6      | Reached XP level 9. HP: 55/74 MP: 9/9
  6005 | D:6      | Reached skill level 14 in Axes
  6005 | D:6      | Reached skill level 1 in Evocations
  6239 | D:6      | Found a staircase to the Ecumenical Temple.
  6280 | Temple   | Entered the Ecumenical Temple
  6529 | Temple   | Became a worshipper of Warmaster Okawaru
  7011 | D:6      | Found Feiryl's General Store.
  7458 | D:7      | HP: 3/78 [vampire mosquito (6)]
  7458 | D:7      | Slain by a vampire mosquito

Illustrated notes

Levels and vault maps discovered:
D:1:      heliophobic_arrival_battle_scene, layout_rooms
D:2:      layout_loops_ring, chequers_ecumenical_altar_simple,
          minmay_pentomino_z4, uniq_natasha
D:3:      layout_basic, mainiacjoe_overflow_swirl
D:4:      wad_woods_pond, layout_basic, minmay_bent
D:5:      layout_rooms, minivault_5, chequers_serial_rivers_room_a
D:6:      layout_gridville, minmay_temple_entry_stoned_glass, serial_shops,
          nicolae_diamond_shop, ebering_ghost_sewer_d
D:7:      layout_cave_pools, gammafunk_ghost_split, uniq_joseph
Temple:   mainiacjoe_temple_cubbyholes

Skill      XL: |  1  2  3  4  5  6  7  8  9 |
---------------+----------------------------+-----
Axes           | 3 4 5 6 8 9 11 13 14 | 14.6
Fighting       | 5 6 |  6.5
Evocations     | 1 |  1.0
Throwing       | |  0.6
Armour         | |  3.2
Dodging        | |  0.4
Shields        | |  3.2

Action                   |  1- 3 |  4- 6 |  7- 9 || total
-------------------------+-------+-------+-------++-------
Melee: War axe           |    84 |   124 |   149 ||   357
Throw: Throwing net      |       |     2 |       ||     2
Evoke: Wand              |       |       |     5 ||     5
  Use: Scroll            |       |     3 |     6 ||     9
       Potion            |       |     2 |     2 ||     4
 Stab: Held in net/web   |       |     1 |       ||     1
Armor: Scale mail        |    28 |     5 |       ||    33
       Plate armour      |       |    61 |   129 ||   190
Dodge: Dodged            |    35 |    31 |    40 ||   106
Block: Buckler           |    19 |    27 |    40 ||    86
